 Dungeon Crawl Stone Soup version 0.22-a0-469-gf26638a71f (webtiles) character file.

1729 WhatIsLove the Fighter (level 9, -2/83 HPs)
             Began as a Hill Orc Fighter on June 12, 2018.
             Was a Follower of Beogh.
             Slain by a sky beast (5 damage)
             ... on level 6 of the Dungeon.
             The game lasted 00:10:19 (5914 turns).

WhatIsLove the Fighter (Hill Orc Fighter)           Turns: 5914, Time: 00:10:20

Health: -2/83      AC: 11    Str: 22    XL:     9   Next: 5%
Magic:  9/9        EV:  6    Int:  8    God:    Beogh [*.....]
Gold:   512        SH: 10    Dex: 10    Spells: 8/8 levels left

rFire    . . .     SeeInvis .   a - +0 war axe
rCold    . . .     Gourm    .   c - +0 shield
rNeg     . . .     Faith    .   m - +0 chain mail (curse)
rPois    .         Spirit   .   (no helmet)
rElec    .         Reflect  .   (no cloak)
rCorr    .         Harm     .   (no gloves)
MR       .....                  (no boots)
Stlth    ..........             (no amulet)
HPRegen  0.23/turn              D - ring of stealth
MPRegen  0.11/turn              (no ring)

@: flying
A: no striking features
a: Renounce Religion


You were on level 6 of the Dungeon.
You worshipped Beogh.
Beogh was aware of your devotion.
You were hungry.

You visited 2 branches of the dungeon, and saw 9 of its levels.
You also visited: Ossuary.

You collected 512 gold pieces.

Inventory:

Hand Weapons
 a - a +0 war axe (weapon)
Armour
 b - a +0 scale mail
 c - a +0 shield (worn)
 m - a cursed +0 chain mail (worn)
 r - a +0 large shield
Jewellery
 D - a ring of stealth (left hand)
Wands
 C - a wand of disintegration (8)
Scrolls
 e - 5 scrolls of amnesia {unknown}
 h - 4 scrolls of teleportation {unknown}
 j - 7 scrolls of identify {unknown}
 l - a scroll of blinking {unknown}
 n - a scroll of random uselessness {unknown}
 q - 3 scrolls of remove curse {unknown}
 s - 3 scrolls of enchant armour {unknown}
 u - 2 scrolls of enchant weapon {unknown}
 w - a scroll of fear {unknown}
 x - a scroll of noise {unknown}
 y - 2 scrolls of fog {unknown}
Potions
 d - a potion of might
 g - a potion of resistance {unknown}
 i - a potion of haste {unknown}
 k - a potion of brilliance
 o - a potion of cancellation {unknown}
 p - 3 potions of agility {unknown}
 t - a potion of ambrosia {unknown}
 v - 2 potions of curing {unknown}
 z - 2 potions of flight
 A - a potion of berserk rage {unknown}
 B - a potion of heal wounds
Comestibles
 f - 11 rations


   Skills:
 * Level 9.3 Fighting
 - Level 2.6 Axes
 * Level 8.5 Armour
 + Level 6.3 Shields


You had 8 spell levels left.
You didn't know any spells.
Your spell library contained the following spells:

 Spells                   Type           Power        Failure   Level  Hunger
 Spider Form              Tmut/Pois      #.........   100%        3    ####...
 Blade Hands              Tmut           #.........   100%        5    ######.
 Ice Form                 Ice/Tmut       #.......     100%        4    #####..
 Sticks to Snakes         Tmut           #.......     100%        2    ###....
 Beastly Appendage        Tmut           #.....       100%        1    ##.....


Dungeon Overview and Level Annotations

Branches:
Dungeon (8/15)             Temple (1/1) D:5
   Lair: D:8-11

Altars:
Ashenzari
Elyvilon
Fedhas
Gozag
Hepliaklqana
Kikubaaqudgha
Makhleb
Nemelex Xobeh
Okawaru
Qazlal
Ru
Trog
Uskayaw
Vehumet
Wu Jian
Xom
Yredelemnul
The Shining One

Shops:
D:7 *

Annotations:
D:6 Grinder
D:7 Dowan, Duvessa


Message History

You block the sky beast's attack.
Unknown command.
You hit the sky beast.
The sky beast is severely wounded.
You hit Grinder but do no damage. Grinder hits you but does no damage.
The sky beast barely misses you. Grinder gestures at you.
Pain shoots through your body!
* * * LOW HITPOINT WARNING * * *
The sky beast closely misses you.
It was a potion of flight.
You feel very buoyant.
You fly up into the air.
Grinder gestures at you. Pain shoots through your body!
* * * LOW HITPOINT WARNING * * *
The sky beast hits you.
* * * LOW HITPOINT WARNING * * *
The sky beast shocks you.
You die...

#.# #.# #.#
####### #.#
#.....# #.#
#.....# ##.##
#.....# ###...##
#..>..#
#....≈.####5....#
##.##.#.....Yo#.##
#..##.#.#.###...#
#..##.#.#.# #####
#..##.#.#.#
##5#.......
#.........
...........
..#........
##.#.......##


You could see Grinder and a sky beast.

Vanquished Creatures
  The ghost of BearFiend the Skirmisher, an amateur GrBe of Trog (D:5)
  The ghost of zluc the Skirmisher, an amateur FoAK of Lugonu (D:4)
  A water moccasin (D:5)
  A sky beast (D:7)
  A phantom (D:5)
  An ice beast (D:5)
  A centaur (D:4)
  Blork the orc (D:5)
  2 bullfrogs (D:6)
  A crimson imp (D:4)
  A jelly (D:7)
  2 hounds
  2 orc priests
  4 orc wizards
  An iguana (D:5)
  2 worker ants (D:4)
  9 mummies
  A worker ant zombie (D:5)
  10 adders
  7 gnolls (D:2)
  A shadow imp (D:5)
  2 oozes
  An adder zombie (D:5)
  2 worms (D:2)
  3 dart slugs
  5 leopard geckos
  8 orcs
  5 bats
  6 giant cockroaches
  9 goblins
  6 hobgoblins
  2 jackals (D:4)
  7 kobolds
  A quokka (D:4)
  A ball python (D:3)
  A frilled lizard (D:2)
  A gnoll zombie (Ossuary)
  A hobgoblin zombie (Ossuary)
  4 kobold zombies
  3 orc zombies (Ossuary)
  A quokka skeleton (D:5)
  9 rats
129 creatures vanquished.

Notes
Turn   | Place    | Note
-------+----------+-------------------------------------------
     0 | D:1      | WhatIsLove the Hill Orc Fighter began the quest for the Orb.
     0 | D:1      | Reached XP level 1. HP: 19/19 MP: 1/1
   134 | D:1      | Reached XP level 2. HP: 23/27 MP: 2/2
   167 | D:1      | Reached skill level 4 in Fighting
   640 | D:1      | Reached XP level 3. HP: 33/33 MP: 3/3
   874 | D:2      | Reached XP level 4. HP: 25/41 MP: 4/4
  1010 | D:2      | Found a shattered altar of Ashenzari.
  1011 | D:2      | Found a bloodstained altar of Trog.
  1022 | D:2      | Found a radiant altar of Vehumet.
  1465 | D:2      | Reached skill level 5 in Fighting
  1472 | D:2      | Reached XP level 5. HP: 36/48 MP: 5/5
  1625 | D:3      | Reached skill level 5 in Armour
  2111 | D:2      | Found a shimmering altar of Xom.
  2792 | D:3      | Reached XP level 6. HP: 55/56 MP: 6/6
  2810 | D:3      | Became a worshipper of Beogh the Brigand
  2988 | D:4      | Reached skill level 6 in Fighting
  3428 | D:4      | Noticed zluc's ghost (amateur FoAK)
  3458 | D:4      | Killed zluc's ghost
  3458 | D:4      | Reached XP level 7. HP: 52/64 MP: 7/7
  3675 | D:5      | Entered Level 5 of the Dungeon
  3675 | D:5      | Noticed Blork the orc
  3689 | D:5      | Killed Blork the orc
  3689 | D:5      | Reached skill level 5 in Shields
  3776 | D:5      | Noticed BearFiend's ghost (amateur GrBe)
  3783 | D:5      | Reached skill level 7 in Fighting
  4300 | D:5      | Reached XP level 8. HP: 34/74 MP: 8/8
  4602 | D:5      | Found a staircase to the Ecumenical Temple.
  4620 | D:5      | Reached skill level 8 in Fighting
  4629 | D:5      | Reached * piety under Beogh
  4818 | D:5      | Killed BearFiend's ghost
  4918 | Temple   | Entered the Ecumenical Temple
  5217 | D:7      | Noticed Dowan
  5218 | D:7      | Noticed Duvessa
  5332 | D:8      | Found a sand-covered staircase.
  5341 | Ossuary  | Entered an ossuary
  5350 | Ossuary  | Reached skill level 9 in Fighting
  5603 | D:7      | Found Vitraklu's Assorted Antiques.
  5735 | D:7      | Reached XP level 9. HP: 18/83 MP: 9/9
  5881 | D:6      | Noticed Grinder
  5914 | D:6      | HP: 4/83 [Grinder/nerve-wracking pain (9)]
  5914 | D:6      | Slain by a sky beast

Vault maps used:
D:1:      zaba_arrival_water, grunt_decor_cap, eino_curves_03
D:2:      gammafunk_temple_overflow_forgotten, nicolae_overflow_crystal_walls
D:4:      first_ration
D:5:      minmay_temple_entry_mist, uniq_blork_the_orc
D:6:      grunt_temple_overflow_open, uniq_grinder
D:7:      slow_altar_2, serial_shops, nicolae_shop_window_shopping, the_bakery,
          hangedman_decor_points, nicolae_alphabet_shops, grunt_potential,
          uniq_duvessa
D:8:      led_sif_pool, nicolae_ossuary_entry_giza, basic_altar
Temple:   eino_temple_water
Ossuary:  ossuary_tomb_3

Skill      XL: |  1  2  3  4  5  6  7  8 |
---------------+-------------------------+-----
Fighting       | 4 5 6 7 9 |  9.3
Armour         | 4 5 6 7 8 |  8.5
Shields        | 4 5 6 |  6.3
Axes           | |  2.6

Action                   |  1- 3 |  4- 6 |  7- 9 || total
-------------------------+-------+-------+-------++-------
Melee: War axe           |    61 |   253 |   293 ||   607
Throw: Throwing net      |       |       |     1 ||     1
Invok: Convert to Beogh  |       |     1 |       ||     1
  Use: Potion            |     2 |       |     2 ||     4
  Eat: Chunk             |       |     9 |     1 ||    10
       Ration            |       |       |     2 ||     2
Armor: Chain mail        |    34 |   162 |   167 ||   363
       Scale mail        |     4 |       |       ||     4
Dodge: Dodged            |    15 |    60 |    71 ||   146
Block: Shield            |    34 |   138 |   177 ||   349

Table legend:
 A = Spawn XP
 B = Non-spawn XP
 C = Spawn XP percentage of total XP
 D = Spawn monster count
 E = Non-spawn monster count
 F = Spawn count percentage of total count
 G = Total turns spent on level
                    A         B        C        D         E        F      G
               +---------+---------+-------+---------+---------+-------+---------
         Total |       0 |    2470 |   0.0 |       0 |     129 |   0.0 |  5914
               +---------+---------+-------+---------+---------+-------+---------
           D:1 |       0 |      35 |   0.0 |       0 |      15 |   0.0 |   787
           D:2 |       0 |     201 |   0.0 |       0 |      34 |   0.0 |  1087
           D:3 |       0 |      83 |   0.0 |       0 |      21 |   0.0 |   955
           D:4 |       0 |     542 |   0.0 |       0 |      17 |   0.0 |  1172
           D:5 |       0 |     990 |   0.0 |       0 |      17 |   0.0 |   849
           D:6 |       0 |     266 |   0.0 |       0 |       5 |   0.0 |   195
           D:7 |       0 |     179 |   0.0 |       0 |       2 |   0.0 |   439
           D:8 |       0 |      22 |   0.0 |       0 |       2 |   0.0 |   182
       Ossuary |       0 |     152 |   0.0 |       0 |      16 |   0.0 |   189
               +---------+---------+-------+---------+---------+-------+---------
